 Dungeon Crawl Stone Soup version 0.14-a0-2881-g20de702 (webtiles) character file.

2819 4tharraofdagon the Basher (level 9, -2/89 HPs)
             Began as an Ogre Fire Elementalist on Feb 28, 2014.
             Was a Follower of Cheibriados.
             Slain by a killer bee (4 damage)
             ... while paralysed by a giant eyeball
             ... on Level 9 of the Dungeon.
             The game lasted 00:23:10 (3225 turns).

4tharraofdagon the Basher (Ogre Fire Elementalist)  Turns: 3225, Time: 00:23:11

HP  -2/89        AC  9     Str 19      XL: 9   Next: 56%
MP  22/22        EV  1     Int 18      God: Cheibriados [*.....]
Gold 257         SH  0     Dex 17      Spells:  3 memorised, 11 levels left

rFire  . . .     SeeInvis .     t - +0 giant club
rCold  . . .     Clarity  .     a - +0 robe
rNeg   . . .     Conserve .     (shield restricted)
rPois  .         rCorr    .     (helmet restricted)
rElec  .         rRot     .     (no cloak)
SustAb . .       Spirit   .     (gloves unavailable)
rMut   .         Warding  .     (boots unavailable)
Gourm  +         Stasis   .     j - amulet of the gourmand
MR     .....                    u - +1 ring of intelligence
                                e - +5 ring of protection

@: paralysed, agile, quite poisoned, very slow, not resistant to hostile
enchantments, stealthy
A: unfitting armour, icy blue scales 1, fast metabolism 1, saprovore 1, tough
skin 1
a: Bend Time, Renounce Religion


You were on level 9 of the Dungeon.
You worshipped Cheibriados.
Cheibriados was aware of your devotion.
You were completely stuffed.

You visited 2 branches of the dungeon, and saw 10 of its levels.
You also visited: Sewer.

You collected 257 gold pieces.

Inventory:

Hand weapons
 i - a cursed +0,+0 club
 s - a +2,+2 dagger of flaming
 t - a +0,+0 giant club (weapon)
 y - a +0,+0 giant club
Missiles
 h - 5 javelins (quivered)
 p - 27 darts
 q - 2 large rocks
Armour
 a - a +0 robe (worn)
Magical devices
 v - a wand of disintegration (8)
 x - a wand of enslavement (6)
 z - a wand of fireball (1)
Comestibles
 c - 2 meat rations
 f - 2 chokos
 l - 3 bread rations
Scrolls
 d - 2 scrolls of remove curse {unknown}
 g - a scroll of blinking {unknown}
 k - a scroll of teleportation {unknown}
 m - a scroll of fear {unknown}
 o - a scroll of enchant weapon I {unknown}
 r - 2 scrolls of recharging {unknown}
 A - a scroll of amnesia
Jewellery
 e - a +5 ring of protection (left hand)
 j - an amulet of the gourmand (around neck)
 u - a +1 ring of intelligence (right hand)
Potions
 n - a potion of curing
 w - a potion of agility
 C - 2 potions of heal wounds {unknown}
 D - a potion of magic {unknown}
Books
 b - a book of Flames

   Spells                             Type                      Level
   *Flame Tongue                      Conjuration/Fire             1
   Throw Flame                        Conjuration/Fire             2
   *Conjure Flame                     Conjuration/Fire             3
   Inner Flame                        Hexes/Fire                   3
   *Sticky Flame                      Conjuration/Fire             4
   Fireball                           Conjuration/Fire             5


   Skills:
 + Level 6.0 Fighting
 * Level 8.1 Maces & Flails
 - Level 1.5 Armour
 + Level 2.9 Dodging
 - Level 1.5 Stealth
 + Level 5.7 Spellcasting
 - Level 4.4 Conjurations
 - Level 4.1 Fire Magic
 + Level 2.2 Invocations


You had 11 spell levels left.
You knew the following spells:

 Your Spells              Type           Power        Failure   Level  Hunger
a - Flame Tongue          Conj/Fire      ###..        1%          1    None
b - Conjure Flame         Conj/Fire      ###.....     10%         3    ##.....
c - Sticky Flame          Conj/Fire      ###.....     24%         4    ####...


Dungeon Overview and Level Annotations

Branches:
Dungeon (9/16)             Temple (1/1) D:7
    Orc: D:9-12        Lair: D:8-11

Altars:
Ashenzari
Cheibriados
Dithmenos
Fedhas
Kikubaaqudgha
Makhleb
Nemelex Xobeh
Okawaru
Sif Muna
Trog
Vehumet
Xom
Yredelemnul
Zin
The Shining One

Annotations:
D:6 Dowan, Duvessa
D:9 Blork the orc, Psyche


Innate Abilities, Weirdness & Mutations

You are too large for most types of armour.
You have a fast metabolism.
You can tolerate rotten meat.
You have tough skin (AC +1).
You are partially covered in icy blue scales (AC +1).


Message History

The orc wizard flickers and vanishes!
Deactivating autopickup; reactivate with Ctrl-A.
The killer bee stings you!
You feel sick. The killer bee stings you. The killer bee stings you.
* * * LOW HITPOINT WARNING * * *
The killer bee stings you.
* * * LOW HITPOINT WARNING * * *
The orc warrior hits you with a battleaxe.
* * * LOW HITPOINT WARNING * * *
The killer bee stings you!
* * * LOW HITPOINT WARNING * * *
You are more poisoned.
The killer bee poisons you! The killer bee stings you.
* * * LOW HITPOINT WARNING * * *
The orc hits you with a hand axe.
* * * LOW HITPOINT WARNING * * *
The killer bee stings you but does no damage.
The killer bee stings you but does no damage.
The killer bee stings you.
You die...

.......#.##
....o.?.<.#
.(...P.....#
.......%...##
.>#........##
...>..M.....#
.....ooo....##
......ooo.....#
..o...Go@....#
.......kkk..##
.....k.....#
.......!....#
.........#...#
.....#.#...##
........ .#
..##.##.# ###


You could see Blork the orc, an orc warrior, a mummy, a giant eyeball, 4 killer
bees, an orc priest, an orc wizard and 5 orcs.

Vanquished Creatures
  Joseph (D:7)
  Prince Ribbit (D:6)
  A hill giant zombie (D:8)
  Menkaure (D:7)
  An orc warrior (D:8)
  3 ice beasts
  4 ogres
  A phantom (D:4)
  A centaur (D:5)
  A giant frog (D:7)
  A gnoll sergeant (D:7)
  A yak zombie (D:7)
  2 crimson imps
  A goliath beetle (D:6)
  2 orc priests
  3 scorpions
  3 worker ants
  An iguana (D:6)
  6 gnolls
  An orc zombie (D:5)
  A green rat (Sewer)
  7 adders
  5 worms
  2 giant mites
  4 giant eyeballs
  10 giant geckos
  An ooze (D:6)
  8 orcs
  A bat skeleton (D:5)
  4 goblins
  6 hobgoblins
  3 jackals (D:8)
  4 kobolds
  A quokka (D:2)
  9 bats
  3 giant cockroaches
  4 giant newts
  A hobgoblin zombie (D:8)
  2 orc skeletons (D:7)
  9 rats
121 creatures vanquished.

Vanquished Creatures (collateral kills)
  2 gnolls (D:7)
  An orc (D:7)
3 creatures vanquished.

Grand Total: 124 creatures vanquished

Notes
Turn   | Place    | Note
--------------------------------------------------------------
     0 | D:1      | 4tharraofdagon, the Ogre Fire Elementalist, began the quest for the Orb.
     0 | D:1      | Reached XP level 1. HP: 16/16 MP: 3/3
   108 | D:1      | Reached XP level 2. HP: 12/24 MP: 0/5
   155 | D:2      | Reached skill level 1 in Conjurations
   188 | D:2      | Reached skill level 1 in Fighting
   291 | D:2      | Reached XP level 3. HP: 30/33 MP: 0/6
   322 | D:2      | Learned a level 3 spell: Conjure Flame
   576 | D:3      | Reached skill level 3 in Spellcasting
   634 | D:3      | Reached XP level 4. HP: 41/41 MP: 7/9
   752 | D:4      | Learned a level 4 spell: Sticky Flame
   764 | D:4      | Found a glowing drain.
   807 | D:4      | Reached skill level 1 in Maces & Flails
   823 | Sewer    | Entered a sewer
   934 | D:4      | Noticed a phantom
  1001 | D:4      | Killed a phantom
  1001 | D:4      | Reached XP level 5. HP: 28/49 MP: 0/11
  1032 | D:4      | Paralysed by a giant eyeball for 3 turns
  1038 | D:4      | Paralysed by a giant eyeball for 3 turns
  1143 | D:5      | Entered Level 5 of the Dungeon
  1314 | D:5      | Paralysed by a giant eyeball for 4 turns
  1327 | D:5      | Paralysed by a giant eyeball for 2 turns
  1370 | D:5      | Reached XP level 6. HP: 48/58 MP: 8/13
  1444 | D:5      | Noticed a centaur
  1459 | D:5      | Killed a centaur
  1501 | D:5      | Paralysed by a giant eyeball for 3 turns
  1567 | D:4      | Reached skill level 4 in Maces & Flails
  1619 | D:4      | Noticed an ogre
  1649 | D:4      | Killed an ogre
  1649 | D:4      | Reached XP level 7. HP: 48/67 MP: 9/15
  1874 | D:6      | Reached skill level 5 in Maces & Flails
  2008 | D:6      | Noticed Dowan
  2009 | D:6      | Noticed Duvessa
  2029 | D:7      | Noticed Menkaure
  2032 | D:7      | Killed Menkaure
  2032 | D:7      | Reached XP level 8. HP: 75/78 MP: 18/18
  2220 | D:7      | Reached skill level 6 in Maces & Flails
  2383 | D:7      | Found a staircase to the Ecumenical Temple.
  2389 | Temple   | Entered the Ecumenical Temple
  2390 | Temple   | Gained mutation: You are partially covered in icy blue scales (AC +1). [potion of beneficial mutation]
  2426 | Temple   | Became a worshipper of Cheibriados the Contemplative
  2518 | D:6      | Noticed Prince Ribbit
  2525 | D:6      | Killed Prince Ribbit
  2525 | D:6      | Reached skill level 5 in Fighting
  2605 | D:6      | Reached skill level 5 in Spellcasting
  2605 | D:6      | Reached XP level 9. HP: 57/88 MP: 6/21
  2656 | D:7      | Noticed Joseph
  2734 | D:7      | Reached skill level 7 in Maces & Flails
  2799 | D:7      | Killed Joseph
  2799 | D:7      | Reached skill level 1 in Armour
  2799 | D:7      | Reached skill level 1 in Invocations
  2970 | D:8      | Reached skill level 8 in Maces & Flails
  3120 | D:9      | Noticed Blork the orc
  3150 | D:9      | Noticed Psyche
  3150 | D:9      | Noticed a hill giant
  3222 | D:9      | Paralysed by a giant eyeball for 4 turns
  3224 | D:9      | HP: 3/89 [killer bee (6)]
  3225 | D:9      | Slain by a killer bee

Action                   |  1- 3 |  4- 6 |  7- 9 || total
-------------------------+-------+-------+-------++-------
Melee: Unarmed           |    18 |       |       ||    18
       Club              |    43 |   113 |       ||   156
       Giant club        |       |       |    97 ||    97
Throw: Dart              |       |     1 |       ||     1
       Javelin           |       |       |     6 ||     6
 Cast: Flame Tongue      |    33 |    56 |    44 ||   133
       Conjure Flame     |       |     4 |     9 ||    13
       Sticky Flame      |       |       |    15 ||    15
Evoke: Wand              |       |       |     5 ||     5
  Use: Potion            |       |     3 |     2 ||     5
       Scroll            |       |     4 |     1 ||     5
